 Dungeon Crawl Stone Soup version 0.32-a0-433-g08bcfe7efd (webtiles) character file.

Game seed: 16578699252981898435

1380 TeaForSurvival the Sneak (level 8, -5/70 HPs)
             Began as a Demigod Brigand on Feb 22, 2024.
             Slain by an ogre
             ... wielding a +0 giant club
              (10 damage)
             ... on level 5 of the Dungeon.
             The game lasted 00:14:11 (8924 turns).

TeaForSurvival the Sneak (Demigod Brigand)          Turns: 8924, Time: 00:14:12

Health: -5/70      AC: 12    Str: 12    XL:     8   Next: 16%
Magic:  10/10      EV: 10    Int: 13    God:
Gold:   260        SH:  0    Dex: 23    Spells: 7/7 levels left

rFire   . . .        q - +0 short sword (elec)
rCold   + . .        (no shield)
rNeg    . . .        E - +0 ring mail {rC+}
rPois   .            A - +0 helmet
rElec   .            G - +1 cloak
rCorr   .            k - +2 pair of gloves
SInv    .            u - +0 pair of boots
Will    .....        (no amulet)
Stlth   +++          (no ring)
HPRegen 0.31/turn    (no ring)
MPRegen 0.12/turn

%: no passive effects
@: invisible
A: high MP 1, forlorn, divine attributes
a: no special abilities


You were on level 5 of the Dungeon.
You visited 1 branch of the dungeon, and saw 5 of its levels.
You also visited: Sewer.

You collected 323 gold pieces.
You spent 63 gold pieces at shops.

Inventory:

Hand Weapons
 q - a +0 short sword of electrocution (weapon)
Missiles
 d - 8 poisoned darts (quivered)
 e - 3 curare-tipped darts
 o - 4 atropa-tipped darts
 p - a throwing net
Armour
 k - a +2 pair of gloves (worn)
 u - a +0 pair of boots (worn)
 A - a +0 helmet (worn)
 E - a +0 ring mail of cold resistance (worn)
 G - a +1 cloak (worn)
Jewellery
 y - a ring of ice
Wands
 r - a wand of flame (9)
 s - a wand of quicksilver (24)
 D - a wand of polymorph (5)
Scrolls
 a - 2 scrolls of fear {unknown}
 c - a scroll of fog {unknown}
 g - 10 scrolls of identify {unknown}
 h - 2 scrolls of revelation {unknown}
 n - 2 scrolls of enchant armour {unknown}
 t - a scroll of immolation {unknown}
 v - 3 scrolls of teleportation
 z - a scroll of vulnerability {unknown}
 B - 2 scrolls of noise {unknown}
Potions
 b - a potion of curing
 f - 3 potions of haste {unknown}
 i - 2 potions of might
 j - 2 potions of lignification {unknown}
 l - a potion of magic {unknown}
 m - a potion of ambrosia {unknown}
 w - 2 potions of invisibility
 x - a potion of berserk rage {unknown}
 C - 4 potions of enlightenment
 F - a potion of brilliance {unknown}


   Skills:
 + Level 5.8 Fighting
 + Level 5.6 Short Blades
 - Level 1.7 Throwing
 - Level 0.8 Dodging
 + Level 6.9 Stealth


You had 7 spell levels left.
You didn't know any spells.
Your spell library contained the following spells:

 Spells                   Type           Power      Damage    Failure   Level
 Summon Small Mammal      Summ           0%         N/A       56%         1
 Call Canine Familiar     Summ           0%         N/A       91%         3
 Frozen Ramparts          Ice            0%         1d1       91%         3
 Leda's Liquefaction      Alch/Erth      0%         N/A       100%        4
 Petrify                  Alch/Erth      0%         N/A       100%        4
 Summon Blazeheart Golem  Fire/Summ      0%         N/A       100%        4
 Metabolic Englaciation   Hex/Ice        0%         N/A       100%        5


Dungeon Overview and Level Annotations

Branches:
Dungeon (5/15)             Temple (0/1) D:5           Sewer (visited)

Shops:
D:1 *   D:3 [

Annotations:
D:4 exclusion: door, Dowan, Duvessa


Innate Abilities, Weirdness & Mutations

You have an increased reservoir of magic. (+10% MP)
You shall have no god before yourself.
Your divine heritage dramatically boosts your attributes as you level up.


Message History

The gnoll bouda barks out a call to the hunt!
The gnoll picks up the pace!
You barely miss the gnoll bouda.
The gnoll bouda is heavily wounded.
The gnoll bouda looks more healthy.
The gnoll hits you but does no damage. The gnoll bouda closely misses you.
You hit the gnoll bouda but do no damage.
The gnoll bouda is severely wounded.
The gnoll hits you but does no damage. The gnoll bouda closely misses you.
You closely miss the gnoll bouda.
The gnoll bouda is severely wounded.
The gnoll hits you from afar with a +0 halberd.
You barely miss the gnoll bouda.
The gnoll bouda is severely wounded.
The gnoll bouda mumbles some strange prayers to its god.
The gnoll bouda is healed somewhat.
You hit the gnoll bouda but do no damage.
The gnoll bouda is moderately wounded.
The gnoll barely misses you. The gnoll bouda closely misses you.
You closely miss the gnoll bouda.
The gnoll bouda is moderately wounded.
The gnoll barely misses you. The ogre closely misses you.
The gnoll hits you with a +0 halberd. The gnoll bouda closely misses you.
You hit the gnoll but do no damage.
Your attacks no longer feel as feeble.
The gnoll hits you with a +0 halberd.
The ogre hits you with a +0 giant club!!
* * * LOW HITPOINT WARNING * * *
Unknown command.
The gnoll closely misses you.
Okay, then.
You feel better. The gnoll bouda barely misses you.
The gnoll hits you from afar with a +0 halberd.
* * * LOW HITPOINT WARNING * * *
It was a potion of invisibility.
You fade into invisibility!
The gnoll bouda hits you but does no damage.
The ogre hits you with a +0 giant club!
You die...

#.## #...#...#.........
##.####................
###.....................
#..####..............###
##.# #.............#...
#.# #..........##.###.
#.# #(g###..#####.###.
#.# ##O####.## ##.##..
### #@g...#..###..#...
#.# ##.#.....†.........
#.###.####..###........
#.##..## #..# ###....#.
#......# #..# #......
#.###..###.## #......
##.###..##..### ..#..##
##.###...#...##.#..##
#..###.#####.....##


You could see an ogre (unable to see you), a gnoll bouda (unable to see you) and
a gnoll (swift, unable to see you).

Vanquished Creatures
  Sigmund (D:2)
  An ogre (D:3)
  2 crocodiles (Sewer)
  A phantom (D:5)
  4 scorpions
  2 bombardier beetles
  A hound (D:4)
  2 orc priests (D:4)
  Crazy Yiuf (D:4)
  An iguana (D:5)
  Ijyb (D:5)
  An orc wizard (D:4)
  A sickly merfolk siren (Sewer)
  A malarious merfolk avatar (Sewer)
  Robin (D:4)
  6 gnolls
  13 adders
  2 river rats (Sewer)
  A ribbon worm (D:2)
  3 dart slugs
  11 orcs
  11 ball pythons
  10 bats
  7 endoplasms
  16 giant cockroaches
  8 hobgoblins
  5 jackals (D:1)
  5 quokkas
  6 frilled lizards
  10 goblins
  6 kobolds
  25 rats
166 creatures vanquished.

Notes
Turn   | Place    | Note
-------+----------+-------------------------------------------
     0 | D:1      | TeaForSurvival the Demigod Brigand began the quest for the
                  | Orb.
     0 | D:1      | Reached XP level 1. HP: 17/17 MP: 3/3
   178 | D:1      | Reached XP level 2. HP: 11/24 MP: 4/4
   567 | D:1      | Found Emixaunesai's General Store.
  1213 | D:2      | Reached skill level 4 in Stealth
  1217 | D:2      | Reached XP level 3. HP: 14/30 MP: 5/5
  1952 | D:2      | Reached XP level 4. HP: 23/37 MP: 6/6
  2338 | D:2      | Noticed Sigmund
  2362 | D:2      | Killed Sigmund
  2363 | D:2      | Reached XP level 5. HP: 31/45 MP: 7/7
  3127 | D:3      | Noticed an ogre
  3143 | D:3      | Killed an ogre
  3144 | D:3      | Reached skill level 5 in Stealth
  3144 | D:3      | Reached XP level 6. HP: 31/52 MP: 8/8
  4147 | D:3      | Found Niust's Armour Boutique.
  4153 | D:3      | Bought a +0 helmet for 63 gold pieces
  4475 | D:4      | Found a glowing drain.
  4529 | Sewer    | Entered a sewer
  5337 | Sewer    | Reached XP level 7. HP: 11/60 MP: 9/9
  6052 | D:4      | Noticed Robin
  6100 | D:4      | Killed Robin
  6314 | D:4      | Found a runed translucent door.
  6315 | D:4      | Noticed Crazy Yiuf
  6396 | D:4      | Reached skill level 6 in Stealth
  7528 | D:4      | Reached skill level 5 in Fighting
  7757 | D:4      | Reached skill level 5 in Short Blades
  7856 | D:4      | Noticed Duvessa
  7856 | D:4      | Noticed Dowan
  7916 | D:4      | Killed Crazy Yiuf
  8221 | D:5      | Entered Level 5 of the Dungeon
  8405 | D:5      | Noticed Ijyb
  8425 | D:5      | Killed Ijyb
  8548 | D:5      | Reached XP level 8. HP: 69/69 MP: 10/10
  8555 | D:5      | Found the +11 Singing Sword {sonic wave}
  8638 | D:5      | Found a staircase to the Ecumenical Temple.
  8921 | D:5      | HP: 3/70 [ogre/+0 giant club (26)]
  8924 | D:5      | Slain by an ogre

Illustrated notes

Levels and vault maps discovered:
D:1:      matt_arrival_refuge, layout_basic, serial_shops, shop
D:2:      layout_basic, shapermc_ecumenical_altar_acropolis, dk_noncrumbling_2,
          uniq_sigmund
D:3:      minmay_roachtagon, layout_loops_corners, vehumet_altar_wand_db,
          serial_shops, nicolae_shop_pleasant_corner_grove
D:4:      layout_gridville, cheibrodos_sewer_entry_sluice,
          minmay_misc_feat_square, uniq_duvessa, uniq_crazy_yiuf_cottage,
          uniq_robin
D:5:      old_forge, layout_layer_cave, grunt_dithmenos_smoke_and_mirrors,
          minmay_temple_entry_glass, serial_bayou_lagoon_b, uniq_ijyb

Skill      XL: |  1  2  3  4  5  6  7 |
---------------+----------------------+-----
Fighting       | 2 3 4 5 |  5.8
Short Blades   | 2 3 4 5 |  5.6
Stealth        | 4 5 6 |  6.9
Throwing       | |  1.7
Dodging        | |  0.8

Action                     |  1- 3 |  4- 6 |  7- 9 || total
---------------------------+-------+-------+-------++-------
  Melee: Dagger            |   128 |       |       ||   128
         Short sword       |     5 |   255 |   221 ||   481
  Throw: Dart              |    19 |    36 |    27 ||    82
    Use: Potion            |     2 |       |     2 ||     4
   Stab: Sleeping          |     3 |     4 |     5 ||    12
         Distracted        |       |       |     1 ||     1
         Held in net/web   |       |       |     1 ||     1
 Armour: Robe              |   125 |   160 |    52 ||   337
         Ring mail         |       |       |    93 ||    93
  Dodge: Dodged            |   138 |   192 |   140 ||   470

Table legend: (Time is in decaauts)
 A = Elapsed time spent in this place.
 B = Non-inter-level travel time spent in this place.
 C = Inter-level travel time spent in this place.
 D = Time resting spent in this place.
 E = Time spent auto-exploring this place.
 F = Levels seen in this place.
 G = Mean time per level.
                   A        B        C        D        E       F      G
               +--------+--------+--------+--------+--------+-----+--------+
         Total |   8864 |   8749 |    115 |   3782 |   3359 |   6 | 1477.3 |
       Dungeon |   7373 |   7258 |    115 |   2746 |   3198 |   5 | 1474.6 |
         Sewer |   1491 |   1491 |      0 |   1036 |    160 |   1 | 1491.0 |
               +--------+--------+--------+--------+--------+-----+--------+

Top non-repeatable levels by time:
     D:4: 2324 daAuts
     D:2: 1730 daAuts
     D:3: 1509 daAuts
   Sewer: 1491 daAuts
     D:1: 1120 daAuts
     D:5: 687 daAuts
